Map: Frozen Temple

Players

blackxored

  • Race: Zerg Zerg
  • League: Diamond

Azary - Winner!

  • Race: Terran Terran
  • League: Diamond

VOD

Have the link to the VOD?

Description

Time

  • Played on: June 19, 2016, 3:55 p.m.
  • Length: 18:21
Show
View Real Time Build Order
Export as new Build Order

blackxored Zerg 

Build Orders: Hatch First 

Get SALT Encoding   

  12  0:01  Drone  
  13  0:09  Drone  
  14  0:17  Overlord  
  14  0:23  Extractor  
  14  0:24  Drone  
  15  0:37  Drone x2  
  17  0:54  Hatchery  
  17  0:57  Drone  
  17  0:59  Drone  
  18  1:11  Extractor  
  18  1:15  Spawning Pool  
  18  1:16  Drone  
  17  1:20  Drone  
  18  1:27  Drone  
  19  1:42  Overlord  
  19  1:49  Drone  
  20  2:02  Queen  
  20  2:07  Zergling x4  
  24  2:15  Queen  
  26  2:26  Extractor  
  26  2:39  Hatchery  
  26  2:42  Drone x2  
  25  2:53  Drone x4  
  25  2:55  Queen  
  31  2:59  Drone  
  31  3:02  Overlord  
  32  3:12  Metabolic Boost  
  32  3:16  Drone x2  
  32  3:17  Drone  
  35  3:22  Drone  
  35  3:25  Pneumatized Carapace  
  35  3:35  Drone x4  
  39  3:43  Roach Warren  
  39  3:44  Drone  
  39  3:46  Drone  
  40  3:53  Drone  
  40  3:54  Drone  
  42  3:57  Drone x2  
  42  3:59  Drone  
  45  4:06  Extractor  
  44  4:23  Overlord  
  44  4:24  Overlord  
  44  4:26  Lair  
  44  4:37  Spore Crawler  
  43  4:48  Spore Crawler  
  43  4:49  Spore Crawler  
  43  4:51  Drone  
  43  4:52  Spore Crawler, Drone  
  42  4:53  Spore Crawler  
  42  4:54  Spore Crawler  
  40  5:00  Spore Crawler  
  40  5:03  Drone x3  
  40  5:04  Drone  
  43  5:07  Drone x2  
  43  5:10  Drone  
  43  5:12  Queen  
  43  5:13  Queen  
  50  5:14  Spore Crawler  
  49  5:24  Roach  
  49  5:25  Roach x3  
  57  5:44  Drone  
  57  5:46  Spire  
  57  5:59  Queen  
  58  6:17  Queen  
  57  6:24  Drone  
  57  6:37  Baneling Nest, Drone x2  
  57  6:38  Infestation Pit  
  57  6:42  Extractor, Drone x2  
  57  6:44  Extractor, Drone  
  57  6:45  Overlord x3  
  57  6:46  Overlord  
  58  7:03  Overlord x4, Queen  
  60  7:18  Hive  
  60  7:19  Drone x3  
  60  7:20  Drone x5  
  68  7:26  Drone x11  
  68  7:29  Ravager  
  80  7:31  Overseer  
  80  7:45  Drone  
  80  7:46  Drone x3  
  80  7:50  Extractor  
  80  7:51  Extractor  
  82  7:58  Hatchery  
  82  8:05  Corruptor x3  
  81  8:09  Zergling x18  
  96  8:20  Drone x5  
  96  8:21  Drone x3  
  104  8:46  Ultralisk Cavern  
  103  8:50  Corruptor x2  
  107  8:58  Drone x7  
  114  9:08  Corruptor  
  114  9:15  Overseer  
  105  9:37  Drone x2  
  107  9:39  Drone x2  
  107  9:43  Drone x10  
  119  9:47  Extractor  
  119  9:48  Extractor  
  117  9:55  Overlord x6  
  117  9:57  Chitinous Plating  
  117  9:59  Queen  
  119  10:06  Evolution Chamber  
  118  10:07  Evolution Chamber  
  117  10:15  Adrenal Glands  
  117  10:16  Viper  
  117  10:17  Viper  
  123  10:25  Drone x2  
  125  10:31  Drone x2, Evolution Chamber  
  125  10:32  Drone x4, Evolution Chamber  
  129  10:39  Zerg Missile Weapons Level 1, Zerg Ground Armor Level 1  
  129  10:53  Hatchery  
  128  10:57  Viper x3  
  137  11:10  Queen  
  139  11:18  Spire  
  138  11:43  Drone x19, Evolution Chamber  
  138  11:44  Drone x3  
  138  11:45  Evolution Chamber  
  158  11:55  Zerg Flyer Armor Level 1  
  158  11:59  Hatchery  
  158  12:00  Hatchery  
  154  12:16  Overseer x4  
  154  12:22  Corruptor x7  
  139  12:23  Extractor, Corruptor x4  
  139  12:24  Extractor  
  159  12:33  Extractor  
  159  12:34  Extractor, Corruptor  
  159  12:35  Corruptor  
  162  12:37  Zergling x8  
  165  12:54  Greater Spire  
  138  13:15  Corruptor x5  
  123  13:23  Corruptor x2  
  123  13:26  Zergling x2  
  123  13:27  Zergling x32  
  123  13:33  Zergling x4  
  134  13:37  Corruptor  
  138  13:49  Zerg Flyer Weapons Level 1  
  90  14:06  Ultralisk x3  
  90  14:15  Overseer  
  90  14:16  Zergling x6  
  90  14:17  Zergling x32  
  99  14:26  Drone x2  
  79  14:43  Ultralisk x2  
  67  15:04  Ultralisk  
  68  15:07  Drone  
  68  15:08  Drone x7  
  70  15:16  Ultralisk  
  76  15:24  Corruptor  
  72  15:38  Zergling x2  
  72  15:39  Zergling x8  
  72  15:40  Queen  
  72  15:41  Queen  
  71  15:57  Drone x4, Spore Crawler  
  71  15:58  Drone  
  71  16:01  Hatchery  
  71  16:03  Corruptor x2  
  71  16:04  Corruptor  
  76  16:06  Overseer  
  76  16:10  Hatchery x2  
  78  16:16  Drone x3  
  81  16:21  Drone  
  82  16:25  Corruptor  
  82  16:26  Corruptor  
  86  16:33  Spore Crawler  
  86  16:36  Drone x3, Spore Crawler  
  83  16:43  Ultralisk  
  85  16:51  Hydralisk Den  
  63  17:21  Hydralisk  
  63  17:22  Hydralisk x5  
  56  17:32  Drone x5  
  61  17:38  Hydralisk  
  60  17:50  Hydralisk  
  60  18:01  Overseer  
Show
View Real Time Build Order
Export as new Build Order

Azary Terran - Winner!

Build Orders: Reaper Expand 

Get SALT Encoding   

  12  0:00  SCV  
  13  0:13  SCV  
  14  0:17  Supply Depot  
  14  0:25  SCV  
  15  0:39  SCV  
  15  0:40  Barracks  
  16  0:44  Refinery  
  16  0:51  SCV  
  17  1:03  SCV  
  18  1:15  SCV  
  19  1:27  Orbital Command  
  19  1:28  Reaper  
  20  1:50  Command Center  
  20  1:55  SCV  
  20  1:58  Supply Depot  
  20  2:00  Barracks Reactor  
  21  2:08  SCV  
  22  2:20  SCV  
  23  2:32  SCV  
  24  2:44  SCV  
  24  2:47  Marine x2  
  26  2:55  Factory  
  26  2:56  SCV  
  27  2:59  Refinery  
  27  3:02  Bunker  
  27  3:04  Orbital Command  
  27  3:07  Engineering Bay, Marine x2  
  27  3:08  SCV  
  30  3:20  SCV  
  30  3:26  Marine x2  
  33  3:38  SCV x2  
  33  3:41  Factory Tech Lab  
  35  3:42  Starport  
  35  3:47  Starport  
  35  3:48  Marine x2  
  37  3:50  SCV x2  
  37  3:54  Refinery x2  
  39  4:02  SCV x2  
  41  4:08  Factory Tech Lab  
  41  4:14  Supply Depot, SCV x2  
  41  4:16  Supply Depot  
  43  4:34  Banshee  
  43  4:35  Cloaking Field, Banshee  
  49  4:39  SCV x2  
  51  4:51  SCV x2  
  53  4:53  Factory Tech Lab  
  53  5:03  SCV x2  
  55  5:08  Armory  
  55  5:09  Command Center, Armory  
  55  5:15  SCV x2  
  55  5:17  Banshee  
  60  5:33  SCV x2  
  62  5:41  Fusion Core  
  62  6:17  SCV x2  
  61  6:19  Banshee  
  61  6:20  Banshee  
  61  6:21  Hellion x2  
  68  6:26  Orbital Command  
  68  6:27  Command Center  
  68  6:30  SCV x2  
  68  6:31  Engineering Bay, Terran Ship Weapons Level 1, Terran Vehicle And Ship Armor Level 1  
  70  6:34  Hyperflight Rotors  
  70  6:47  Missile Turret  
  70  6:50  Missile Turret x2  
  70  6:51  SCV, Missile Turret x2  
  70  6:53  Orbital Command  
  71  6:55  Building Armor  
  71  7:00  Supply Depot  
  71  7:02  Supply Depot  
  71  7:03  Banshee  
  74  7:19  Banshee  
  74  7:21  Widow Mine x2  
  81  7:28  SCV x2  
  81  7:29  SCV  
  84  7:40  SCV x2  
  84  7:42  SCV  
  84  7:44  Missile Turret  
  87  7:45  Bunker, Hi-Sec Auto Tracking, Refinery, Missile Turret  
  87  7:46  Refinery  
  87  7:48  Weapon Refit  
  87  7:53  Liberator x2  
  87  7:54  Liberator  
  96  8:14  Advanced Ballistics  
  96  8:16  Planetary Fortress  
  96  8:26  Supply Depot  
  96  8:28  Supply Depot  
  96  8:34  Terran Vehicle And Ship Armor Level 2  
  96  8:40  Terran Ship Weapons Level 2  
  96  8:42  Factory Tech Lab  
  96  8:44  SCV  
  96  8:45  SCV  
  98  8:50  Command Center  
  98  8:51  Factory  
  98  8:52  Command Center  
  89  9:30  Viking x3  
  86  9:36  Factory Reactor  
  86  9:41  Starport  
  86  9:43  Starport  
  86  9:46  Starport  
  86  9:49  Mag-Field Accelerator  
  86  9:50  Starport  
  86  9:51  Cyclone  
  86  9:52  SCV x3  
  93  9:53  SCV  
  93  9:59  Supply Depot x2  
  94  10:04  Viking x3  
  94  10:06  Orbital Command  
  100  10:23  Missile Turret  
  100  10:24  Refinery x2, Missile Turret  
  100  10:25  Missile Turret  
  100  10:26  Starport Tech Lab x2  
  100  10:28  Starport Reactor, Missile Turret  
  100  10:32  Battlecruiser  
  100  10:34  Hellion x3  
  100  10:35  SCV x5  
  117  10:49  Planetary Fortress  
  117  10:52  Viking x3, Missile Turret  
  117  10:53  Viking x2  
  127  11:08  Supply Depot  
  127  11:10  Supply Depot x4  
  127  11:11  Supply Depot  
  127  11:15  Hellion x2  
  127  11:16  Cyclone  
  127  11:17  Infernal Pre-Igniter  
  135  11:21  Terran Vehicle And Ship Armor Level 3  
  135  11:23  Terran Ship Weapons Level 3  
  135  11:39  Liberator  
  135  11:40  Battlecruiser  
  135  11:43  Hellion x2  
  145  11:48  Hellion  
  147  11:54  Raven  
  147  11:58  Viking  
  154  12:04  Hellion x2  
  158  12:12  Liberator x2  
  158  12:13  Liberator  
  158  12:31  Raven  
  163  12:57  Hellion x3  
  169  12:58  Viking x2, Banshee x2  
  179  13:07  Command Center  
  168  13:14  Banshee  
  168  13:18  Hellion  
  147  13:29  Viking  
  147  13:30  Viking x4  
  150  13:45  Hellion x2  
  150  13:46  Cyclone  
  158  14:00  Hellion x9  
  142  14:16  Viking x4  
  141  14:18  Hellion x2, Cyclone  
  143  14:44  Hellion x2  
  147  14:46  Liberator x4  
  147  14:50  Cyclone  
  151  14:54  Planetary Fortress  
  151  14:57  Missile Turret  
  143  15:04  Banshee x4  
  153  15:12  Terran Vehicle Weapons Level 1  
  135  15:26  Hellion, Cyclone  
  135  15:27  Hellion  
  143  15:28  Liberator  
  143  15:29  Liberator x2  
  143  15:46  Viking  
  143  15:47  Viking  
  156  15:55  Supply Depot x2  
  156  15:57  Refinery  
  156  15:58  Supply Depot, Refinery  
  156  16:01  Supply Depot  
  156  16:34  Missile Turret  
  154  16:57  Viking  
  154  16:58  Viking x3  
  154  17:01  Battlecruiser x4  
  174  17:04  Hellion x2, Cyclone  
  186  17:44  Viking x4  
  188  17:47  Hellion x2  
Tags
 
Add a new tag
Caveats
  • Supply blocks, unpowered buildings, or Contaminate may cause inaccurate times.
  • Supply counts are checked every 10 seconds.